 Dungeon Crawl Stone Soup version 0.19.0-2-gae57169 (webtiles) character file.

55 Glaeka the Magician (level 3, 0/19 HPs)
             Began as a Deep Elf Wizard on Nov 5, 2016.
             Was a Follower of Dithmenos.
             Succumbed to an orc wizard's poison
             ... on level 3 of the Dungeon.
             The game lasted 00:13:54 (1557 turns).

Glaeka the Magician (Deep Elf Wizard)               Turns: 1557, Time: 00:13:55

Health: 0/19       AC:  3    Str:  4    XL:     3   Next: 67%
Magic:  2/12       EV: 13    Int: 23    God:    Dithmenos [*.....]
Gold:   114        SH:  0    Dex: 13    Spells: 4 memorised, 5 levels left

rFire  . . .     SeeInvis .     a - +0 quarterstaff
rCold  . . .     Gourm    .     m - +0 robe
rNeg   . . .     Faith    .     (shield currently unavailable)
rPois  .         Spirit   .     b - +0 hat
rElec  .         Reflect  .     i - +0 cloak
rCorr  .         Harm     .     (no gloves)
MR     .....                    (no boots)
Stlth  ++........               (no amulet)
                                (no ring)
                                (no ring)

@: lethally poisoned (0 -> -15), wreathed by umbra
A: no striking features
a: Renounce Religion


You were on level 3 of the Dungeon.
You worshipped Dithmenos.
Dithmenos was aware of your devotion.
You were not hungry.

You visited 1 branch of the dungeon, and saw 3 of its levels.

You collected 114 gold pieces.

Inventory:

Hand Weapons
 a - a +0 quarterstaff (weapon)
Missiles
 q - 3 tomahawks of dispersal (quivered)
Armour
 b - a +0 hat (worn)
 i - a +0 cloak (worn)
 m - a +0 robe (worn)
Scrolls
 f - a scroll of enchant armour {unknown}
 h - 2 scrolls of enchant weapon {unknown}
 n - a scroll of identify {unknown}
 p - a scroll of remove curse {unknown}
Potions
 e - 3 potions of curing {unknown}
 j - a potion of resistance {unknown}
 l - 2 potions of might {unknown}
Books
 c - a book of Minor Magic

   Spells                             Type                      Level
   a - Magic Dart                     Conjuration                  1
   b - Blink                          Translocation                2
   c - Call Imp                       Summoning                    2
   d - Repel Missiles                 Charms/Air                   2
   e - Slow                           Hexes                        2
   f - Conjure Flame                  Conjuration/Fire             3
   g - Mephitic Cloud                 Conjuration/Poison/Air       3
Comestibles
 d - 3 bread rations
 k - a royal jelly


   Skills:
 - Level 2.4 Dodging
 - Level 2.4 Stealth
 + Level 5.9 Spellcasting
 * Level 2.1 Conjurations
 + Level 1.1 Summonings
 + Level 1.2 Translocations
 + Level 0.2 Air Magic
 + Level 0.2 Poison Magic


You had 5 spell levels left.
You knew the following spells:

 Your Spells              Type           Power        Failure   Level  Hunger
a - Magic Dart            Conj           ###.         3%          1    None
b - Call Imp              Summ           ##......     10%         2    None
c - Blink                 Tloc           N/A          10%         2    None
d - Mephitic Cloud        Conj/Pois/Air  ##......     21%         3    #......


Dungeon Overview and Level Annotations

Branches:
Dungeon (3/15)

Altars:
Dithmenos


Message History

You feel sick. The orc wizard closely misses you.
The orc wizard gestures at you while chanting.
You resist with some effort.
You hit the orc wizard.
The orc wizard is moderately wounded.
You feel sick.
The orc wizard hits you but does no damage.
You hit the orc wizard.
The orc wizard is heavily wounded.
You feel sick.
The orc wizard hits you with a dagger of venom.
You are more poisoned.
You hit the orc wizard but do no damage.
The orc wizard is heavily wounded.
You feel sick. The orc wizard casts a spell at you. The magic dart hits you!
* * * LOW HITPOINT WARNING * * *
The orc wizard barely misses you.
You die...

#.#
#.#############
#.......o.....#
#############.#
#<# #[# #.# #.#
#.# #.#
#.####.#
#....@o#
######.# ###


You could see an orc wizard.

Vanquished Creatures
  An adder (D:2)
  A dart slug (D:1)
  2 leopard geckos
  9 orcs (D:3)
  2 giant cockroaches
  A hobgoblin (D:2)
  A quokka (D:2)
  4 bats
  5 frilled lizards
  2 goblins
  4 kobolds
  5 rats
37 creatures vanquished.

Vanquished Creatures (collateral kills)
  A hobgoblin (D:2)
  A rat (D:1)
2 creatures vanquished.

Grand Total: 39 creatures vanquished

Notes
Turn   | Place    | Note
-------+----------+-------------------------------------------
     0 | D:1      | Glaeka the Deep Elf Wizard began the quest for the Orb.
     0 | D:1      | Reached XP level 1. HP: 10/10 MP: 7/7
   262 | D:1      | Reached skill level 5 in Spellcasting
   274 | D:1      | Reached XP level 2. HP: 13/15 MP: 2/10
   295 | D:1      | Learned a level 2 spell: Call Imp
   298 | D:1      | Learned a level 2 spell: Blink
   909 | D:2      | Reached XP level 3. HP: 19/19 MP: 3/12
   914 | D:2      | Learned a level 3 spell: Mephitic Cloud
  1010 | D:2      | Found a faded altar of an unknown god.
  1060 | D:2      | Became a worshipper of Dithmenos the Shadowed
  1060 | D:2      | Reached * piety under Dithmenos
  1557 | D:3      | Succumbed to an orc wizard's poison

Skill      XL: |  1  2  3 |
---------------+----------+-----
Spellcasting   | 5 |  5.9
Conjurations   | 2 |  2.1
Dodging        | |  2.4
Stealth        | |  2.4
Summonings     | |  1.1
Translocations | |  1.2
Air Magic      | |  0.2
Poison Magic   | |  0.2

Action                   || total
-------------------------++-------
Melee: Unarmed           ||     6
       Quarterstaff      ||    19
 Cast: Magic Dart        ||    77
       Call Imp          ||     2
       Mephitic Cloud    ||     4
 Stab: Sleeping          ||     1
  Eat: Fruit             ||     3
       Chunk             ||     1
Armor: Robe              ||     6
Dodge: Dodged            ||    21
